AoeStats
← sethbader85

Black Forest

504122357Analyzed
2v2 RM · 28d ago on Sep 4, 2026· 40m 35s· 4 players
Game mode
Random Map
Map size
Medium (4 player)
Population
200
Speed
Normal
Resources
Standard
Victory
Conquest
Starting age
Dark Age
Ending age
Imperial Age
RankedLock teamsTeams togetherTeam positionsShared explorationLock speedFull tech treeHidden civsTurbo modeCheats
Victory
Defeat
🇸🇦 Italians · Saudi Arabia
982
+17
🇸🇦 Celts · Saudi Arabia
948
+19
🇺🇸 Franks · United States
1140
-23
🇺🇸 Mongols · United States
889
-13
sethbader85
2:14 Loom
20:50 Feudal Age
28:25 Double-Bit Axe
37:36 Castle Age
39:08 Horse Collar
39:41 Bow Saw
40:08 Fletching
40:25 Scale Barding Armor
40:22 Padded Archer Armor
41:18 Bloodlines
Hughes80
1:21 Loom
16:17 Feudal Age
21:39 Castle Age
20:14 Double-Bit Axe
24:12 Scale Barding Armor
27:07 Forging
32:00 Bow Saw
32:45 Iron Casting
32:39 Chain Barding Armor
40:00 Imperial Age
38:55 Wheelbarrow
98_Natsu
0:27 Loom
14:00 Feudal Age
16:26 Horse Collar
16:34 Double-Bit Axe
17:55 Wheelbarrow
26:19 Castle Age
28:10 Bow Saw
28:56 Forging
31:59 Imperial Age
30:25 Heavy Plow
30:22 Stone Mining
30:22 Gold Mining
31:46 Hand Cart
32:26 Stone Shaft Mining
34:49 Pikeman
37:49 Chemistry
HHH
0:28 Loom
12:37 Feudal Age
16:37 Fletching
16:49 Arson
17:27 Forging
16:44 Man-at-Arms
19:04 Double-Bit Axe
30:43 Castle Age
31:26 Bodkin Arrow
32:03 Bow Saw
33:03 Ballistics
32:42 Murder Holes
35:49 Imperial Age
39:03 Conscription
41:44 Chemistry
40:24 Treadmill Crane
Connection lost

Rejoining the realm…

Still unreachable

The connection could not be restored.

Session expired

The server has moved on; the page needs a fresh start.